 Dungeon Crawl Stone Soup version 0.23-a0-584-g44dd78f (webtiles) character file.

27 Inarius the Chopper (level 2, -2/24 HPs)
             Began as a Demonspawn Chaos Knight on Dec 17, 2018.
             Was a Plaything of Xom.
             Killed by nerve-wracking pain
             ... invoked by Jessica
              (9 damage)
             ... on level 2 of the Dungeon.
             The game lasted 00:01:11 (736 turns).

Inarius the Chopper (Demonspawn Chaos Knight)        Turns: 736, Time: 00:01:14

Health: -2/24      AC:  6    Str: 12    XL:     2   Next: 93%
Magic:  2/2        EV: 10    Int: 13    God:    Xom [..*...]
Gold:   61         SH:  0    Dex: 12    Spells: 1/1 levels left

rFire    . . .     SeeInvis .   a - +0 hand axe (chaos)
rCold    + . .     Gourm    .   (no shield)
rNeg     . . .     Faith    .   e - +1 ring mail {rC+}
rPois    .         Spirit   .   (no helmet)
rElec    .         Reflect  .   (no cloak)
rCorr    .         Harm     .   (no gloves)
MR       .....                  (no boots)
Stlth    +.........             (no amulet)
HPRegen  0.08/turn              (no ring)
MPRegen  0.08/turn              (no ring)

@: no status effects
A: demonic guardian 1
a: Renounce Religion


You were on level 2 of the Dungeon.
You worshipped Xom.
You were a toy of Xom.
You were not hungry.

You visited 1 branch of the dungeon, and saw 2 of its levels.

You collected 61 gold pieces.

Inventory:

Hand Weapons
 a - a +0 hand axe of chaos (weapon)
Armour
 b - a +2 leather armour
 e - a +1 ring mail of cold resistance (worn)
 i - a +0 chain mail
Jewellery
 q - an uncursed ring of protection from fire {unknown}
Scrolls
 d - a scroll of enchant armour {unknown}
 g - 2 scrolls of teleportation {unknown}
 k - a scroll of immolation {unknown}
 l - a scroll of identify {unknown}
 n - a scroll of remove curse {unknown}
 o - a scroll of amnesia {unknown}
Potions
 h - a potion of invisibility {unknown}
 j - a potion of agility {unknown}
 m - 2 potions of magic {unknown}
 p - a potion of degeneration {unknown}
 r - a potion of lignification {unknown}
Comestibles
 c - 2 rations


   Skills:
 + Level 3.3 Fighting
 * Level 3.4 Axes
 + Level 1.9 Armour
 + Level 1.0 Dodging


You had one spell level left.
You didn't know any spells.
Your spell library was empty.

Dungeon Overview and Level Annotations

Branches:
Dungeon (2/15)

Altars:
Elyvilon
Fedhas
Vehumet

Annotations:
D:2 Jessica


Innate Abilities, Weirdness & Mutations

A weak demonic guardian rushes to your aid.


Message History

Jessica blinks!
You start resting.
Jessica is too close now for your liking.
Firing (i - inventory) No suitable missiles.
Press: ? - help, Shift-Dir - straight line, f - Jessica
Aim: Jessica, wearing a +0 robe (severely wounded, fast)
Okay, then.
Xom smiles on you.
You feel much better. Jessica casts a spell at you.
Pain shoots through your body!
Ouch! That really hurt!
Jessica hits you but does no damage.
You closely miss Jessica.
Jessica is severely wounded.
Jessica hits you.
* * * LOW HITPOINT WARNING * * *
Jessica points at you and mumbles some strange words.
Pain shoots through your body!
You die...

#.## # ##...#### ...
..#......
#...###..#.....
#...†..†...# #######
######.#########
#......
##...####...###.#####
#.#.............#
##.#@#..._...####
##.@#.......##
##..........#
#.....8.._.#
#..........#
#..._.....##
###.......# ###...###
#####


You could see Jessica.

Vanquished Creatures
  A dart slug (D:1)
  2 giant cockroaches (D:1)
  4 goblins
  A hobgoblin (D:1)
  2 jackals (D:1)
  3 kobolds (D:1)
  4 bats (D:1)
  2 frilled lizards (D:2)
  6 rats
25 creatures vanquished.

Notes
Turn   | Place    | Note
-------+----------+-------------------------------------------
     0 | D:1      | Inarius the Demonspawn Chaos Knight began the quest for the
                  | Orb.
     0 | D:1      | Reached XP level 1. HP: 18/18 MP: 1/1
    57 | D:1      | XOM: harmless Conj miscast
    99 | D:1      | Reached skill level 1 in Dodging
   103 | D:1      | Gained mutation: A weak demonic guardian rushes to your
                  | aid. [demonic ancestry]
   103 | D:1      | Reached XP level 2. HP: 21/24 MP: 2/2
   199 | D:1      | XOM: divination: detect items
   477 | D:1      | XOM: divination: detect items
   697 | D:2      | Found a white marble altar of Elyvilon.
   698 | D:2      | Found a radiant altar of Vehumet.
   699 | D:2      | Found a blossoming altar of Fedhas.
   717 | D:2      | Noticed Jessica
   734 | D:2      | XOM: potion effect (heal wounds)
   736 | D:2      | Killed from afar by Jessica

Vault maps used:
D:1:      lemuel_arrival_muddy
D:2:      grunt_temple_overflow_open, first_ration, minmay_goblin_kobold_house,
          uniq_jessica, uniq_terence, uniq_natasha

Skill      XL: |  1 |
---------------+----+-----
Dodging        | 1 |  1.0
Axes           | 3 |  3.4
Fighting       | |  3.3
Armour         | |  1.9

Action                   || total
-------------------------++-------
Melee: Hand axe          ||    70
Armor: Leather armour    ||     8
       Ring mail         ||    22
Dodge: Dodged            ||    39

Table legend:
 A = Non-vault XP
 B = Vault XP
 C = Vault XP percentage of total XP
 D = Non-vault monster count
 E = Vault monster count
 F = Vault count percentage of total count
                 A         B        C        D         E       F
            +---------+---------+-------+---------+---------+-------
      Total |      39 |       0 |   0.0 |      25 |       0 |   0.0
            +---------+---------+-------+---------+---------+-------
        D:1 |      33 |       0 |   0.0 |      20 |       0 |   0.0
        D:2 |       6 |       0 |   0.0 |       5 |       0 |   0.0
            +---------+---------+-------+---------+---------+-------
